 Dungeon Crawl Stone Soup version 0.30-a0-591-g3c58d2bc28 (webtiles) character file.

Game seed: 18330336196287136992

98 MackTheKnife the Covered (level 4, -4/30 HPs)
             Began as a Barachi Wanderer on Jan 5, 2023.
             Slain by Blork the orc
             ... wielding a +0 dire flail
              (15 damage)
             ... on level 4 of the Dungeon.
             The game lasted 00:07:04 (3847 turns).

MackTheKnife the Covered (Barachi Wanderer)         Turns: 3847, Time: 00:07:05

Health: -4/30      AC:  5    Str: 15    XL:     4   Next: 71%
Magic:  2/8        EV: 11    Int: 17    God:
Gold:   176        SH:  0    Dex:  7    Spells: 3/9 levels left

rFire   + . .      SeeInvis .    x - +2 quarterstaff (holy) {staff}
rCold   . . .      Faith    .    (shield currently unavailable)
rNeg    . . .      Spirit   .    j - +0 robe
rPois   .          Reflect  .    f - +0 helmet
rElec   .          Harm     .    (no cloak)
rCorr   .          Rampage  .    (no gloves)
Will    +....      Clarity  +    (no boots)
Stlth   +                        (no amulet)
HPRegen 0.25/turn                i - ring of protection from fire
MPRegen 0.11/turn                (no ring)

@: unable to hop, slow
A: amphibious, slowness 1, strong legs 1, +LOS, iridescent scales 1, clarity,
strong-willed 1
a: Hop


You were on level 4 of the Dungeon.
You visited 1 branch of the dungeon, and saw 4 of its levels.

You collected 176 gold pieces.


Innate Abilities, Weirdness & Mutations

You are amphibious.
You cover ground slowly.
You can hop short distances.
You have an extended range of vision and can be seen from far away.
You are partially covered in iridescent scales. (AC +2)
You possess an exceptional clarity of mind.
You are strong-willed. (Will+)


   Skills:
 - Level 4.8 Armour
 + Level 3.1 Spellcasting
 + Level 3.8 Summonings
 - Level 3.2 Poison Magic
 - Level 1.1 Evocations


You had 3 spell levels left.
You knew the following spells:

 Your Spells              Type           Power      Damage    Failure   Level
a - Summon Small Mammal   Summ           60%        N/A       3%          1
b - Call Canine Familiar  Summ           15%        N/A       11%         3
c - Poisonous Vapours     Pois/Air       16%        N/A       13%         2

Your spell library contained the following spells:

 Spells                   Type           Power      Damage    Failure   Level
 Sting                    Tmut/Pois      32%        1d4       9%          1
 Ignite Poison            Fire/Tmut/Pois 6%         N/A       32%         3
 Malign Gateway           Summ/Tloc      4%         N/A       100%        7
 Summon Horrible Things   Summ           7%         N/A       100%        8

Inventory:

Hand Weapons
 a - a +0 club {mace}
 x - a +2 quarterstaff of holy wrath (weapon) {staff}
   (You found it on level 3 of the Dungeon)
Missiles
 g - 13 stones {throwing}
 w - 4 poisoned darts {throwing}
Armour
 b - a +0 leather armour
   (You found it on level 2 of the Dungeon)
 c - a +0 ring mail
 f - a +0 helmet (worn)
   (You found it on level 4 of the Dungeon)
 h - a +0 robe
   (You found it on level 1 of the Dungeon)
 j - a +0 robe (worn)
   (You found it on level 1 of the Dungeon)
 k - a +0 ring mail
   (You found it on level 2 of the Dungeon)
 o - a +0 leather armour
   (You found it on level 2 of the Dungeon)
 q - a +0 robe
   (You found it on level 3 of the Dungeon)
 r - a +0 robe
   (You found it on level 3 of the Dungeon)
 s - a +0 robe
   (You found it on level 3 of the Dungeon)
Magical Staves
 p - a staff of poison {!astaff}
   (You found it on level 2 of the Dungeon)
Jewellery
 i - a ring of protection from fire (left hand)
   (You found it on level 1 of the Dungeon)
Scrolls
 l - 2 scrolls of enchant weapon
 v - a scroll of teleportation {unknown}
Potions
 d - 2 potions of brilliance
 e - a potion of resistance
 m - a potion of might
 n - a potion of lignification {unknown}
 t - a potion of mutation {!q}
 u - a potion of curing {unknown}

Dungeon Overview and Level Annotations

Branches:
Dungeon (4/15) Zot: 19620
 Temple: D:4-7

Altars:
Fedhas

Annotations:
D:3 exclusion: downstairs
D:4 Blork the orc, Sigmund

#...'.ยง.#.#.#
#...##.##.#.####
..........##......#
#....)....#####...#.#
###....##.###
#...#.#### #....#...)#
#...#....#
#......##.###.h...##.#
######.#...#..o.#.#..#
#........@.r.#.##
#....>...#..<..#
#........#####.#
#........+.....#
#........#######
#........##
#.........#
#..######.# #### ..#


You could see Blork the orc (ally target), a friendly hound (summoned) and a
friendly quokka (summoned).


Message History

Blork the orc seems to speed up.
Your bat barely misses the goblin.
Your bat hits the goblin.
Your bat closely misses the goblin.
Your bat barely misses the goblin.
The goblin hits your bat with a +0 club.
Your bat dies!
Your bat's corpse disappears in a puff of smoke!
Your bat hits the goblin.
The goblin dies!
Your bat closely misses Blork the orc. ๐Ÿ˜Ž MP[+1]
Your bat hits Blork the orc but does no damage.
You see here a ball python corpse.
Your bat closely misses Blork the orc.
There is an open door here.
Hop to where?
Press: ? - help, Dir - move target Boing!
Unknown command.
Blork the orc points at you and mumbles some strange words.
The puff of flame hits you. You resist. ๐Ÿ˜• HP[-5]
You take 5 damage, and now have 25/30 hp. ๐Ÿ˜• HP[+1]
You aren't carrying any items that you can evoke.
Unknown command.
Okay, then.
Casting: Summon Small Mammal (safe; 3% risk of failure)
Confirm with . or Enter, or press ? or * to list all spells.
Aiming: Poisonous Vapours (safe; 13% risk of failure)
Press: ? - help, Dir - move target You can't see that place. [the floor.]
Okay, then.
Unknown command.
Casting: Poisonous Vapours (safe; 13% risk of failure)
Confirm with . or Enter, or press ? or * to list all spells.
The spell is quite dangerous to miscast (11% risk of failure)!
Continue anyway?
Blork the orc points at you and mumbles some strange words.
The puff of frost hits your hound!
Blork the orc points at you and mumbles some strange words.
The magic dart hits your hound!
Your hound dies!
Your hound's corpse disappears in a puff of smoke! ๐Ÿ˜• MP[-3]
You lost 3 mp, and now have 4/8 mp.
Unknown command.
Unknown command.
Your bat hits Blork the orc. ๐Ÿ˜• HP[+1] MP[+1] Blork the orc barely misses your bat.
Your bat hits Blork the orc but does no damage.
Blork the orc looks braver for a moment.
Your bat closely misses Blork the orc.
Blork the orc miscasts a cantrip.
Your bat hits Blork the orc but does no damage.
Your bat barely misses Blork the orc. ๐Ÿ˜• HP[+1]
Casting: Call Canine Familiar (quite dangerous; 11% risk of failure)
Confirm with . or Enter, or press ? or * to list all spells.
The spell is quite dangerous to miscast (11% risk of failure)!
Continue anyway?
Your bat disappears in a puff of smoke!
Blork the orc gestures at you while chanting.
The magic dart hits you. ๐Ÿ˜• HP[-4] MP[-3]
You take 4 damage, and now have 24/30 hp.
You lost 3 mp, and now have 2/8 mp.
Unknown command.
Unknown command.
You aren't carrying any items that you can evoke.
Unknown command.
Okay, then.
You aren't carrying any items that you can evoke.
Unknown command.
You hit Blork the orc but do no damage.
Blork the orc hits you with a +0 dire flail!
* * * LOW HITPOINT WARNING * * *
Your hound bites Blork the orc.
Blork the orc misses you. ๐Ÿ˜จ HP[-10]
You take 10 damage, and now have 14/30 hp.
MASSIVE DAMAGE!! (PAUSE) Unknown command.
Blork the orc is no longer moving quickly.
Your hound closely misses Blork the orc.
Blork the orc points at you and mumbles some strange words.
The puff of frost hits you.
* * * LOW HITPOINT WARNING * * *
Your hound bites Blork the orc. ๐Ÿ˜จ HP[-3] MP[+1]
You take 3 damage, and now have 11/30 hp.
Unknown command.
Your hound misses Blork the orc.
Unknown command.
Blork the orc attacks as you move away! Blork the orc barely misses you.
Unknown command.
Casting: Call Canine Familiar (quite dangerous; 11% risk of failure)
Confirm with . or Enter, or press ? or * to list all spells.
Your hound bites Blork the orc.
Blork the orc hits you with a +0 dire flail!
Ouch! That really hurt!
You die...

Skill      XL: |  1  2  3  4 |
---------------+-------------+-----
Summonings     | 2 3 |  3.8
Spellcasting   | 2 3 |  3.1
Armour         | |  4.8
Poison Magic   | |  3.2
Evocations     | |  1.1

Action                   |  1- 3 |  4- 6 || total
-------------------------+-------+-------++-------
Melee: Club              |   124 |       ||   124
       Staff             |       |    45 ||    45
       Quarterstaff      |       |     7 ||     7
 Cast: Summon Small Mamm |    42 |    25 ||    67
       Call Canine Famil |     1 |     2 ||     3
       Poisonous Vapours |       |    12 ||    12
 Abil: Hop               |     1 |     1 ||     2
  Use: Potion            |     1 |     1 ||     2
       Scroll            |       |     5 ||     5
 Stab: Distracted        |     1 |       ||     1
Armor: Ring mail         |    93 |       ||    93
       Robe              |     2 |    13 ||    15
Dodge: Dodged            |   103 |    37 ||   140

Levels and vault maps discovered:
D:1:      nicolae_arrival_memento_mori, layout_basic,
          hangedman_abyss_or_decor_lesser_grid
D:2:      layout_loops_corners, minmay_fractal_squares_5
D:3:      layout_basic, fedhas_altar_1
D:4:      layout_basic, zin_angel, mainiacjoe_overflow_alcove_3,
          gammafunk_ghost_grave, minmay_tree_intersection,
          minmay_misc_feat_room, grunt_decor_clamped, minmay_lizard_king,
          uniq_menkaure, uniq_sigmund, uniq_blork_the_orc

Notes
Turn   | Place    | Note
-------+----------+-------------------------------------------
     0 | D:1      | MackTheKnife the Barachi Wanderer began the quest for the
                  | Orb.
     0 | D:1      | MackTheKnife set off with the following items: a +0 club
                  | {mace}, a potion of berserk rage {!q}, a +0 ring mail; and
                  | the following spells available to memorise: Sting, Summon
                  | Small Mammal, Poisonous Vapours, Call Canine Familiar,
                  | Ignite Poison.
     0 | D:1      | Reached XP level 1. HP: 13/13 MP: 2/2
     0 | D:1      | magus.rc [v1.9.6]
     2 | D:1      | Learned a level 1 spell: Summon Small Mammal
   165 | D:1      | HP: 3/13 [frozen (5)]
   224 | D:1      | Reached XP level 2. HP: 17/19 MP: 1/4
   226 | D:1      | Reached skill level 2 in Summonings
   341 | D:1      | You add the spells Malign Gateway and Summon Horrible
                  | Things to your library.
   516 | D:1      | Reached skill level 2 in Spellcasting
   810 | D:1      | Reached XP level 3. HP: 19/24 MP: 3/6
   862 | D:1      | Learned a level 3 spell: Call Canine Familiar
  1367 | D:2      | HP: 5/24 [hobgoblin (4)]
  1485 | D:2      | Reached skill level 3 in Summonings
  1889 | D:2      | Reached XP level 4. HP: 22/30 MP: 4/8
  2305 | D:3      | magus.rc [v1.9.6]
  2405 | D:3      | Learned a level 2 spell: Poisonous Vapours
  2944 | D:3      | Reached skill level 3 in Spellcasting
  3004 | D:3      | Found a blossoming altar of Fedhas.
  3677 | D:4      | Noticed Sigmund
  3687 | D:3      | Gained mutation: You are partially covered in iridescent
                  | scales. (AC +2) [potion of mutation]
  3687 | D:3      | Gained mutation: You possess an exceptional clarity of
                  | mind. [potion of mutation]
  3687 | D:3      | Gained mutation: You are strong-willed. (Will+) [potion of
                  | mutation]
  3824 | D:4      | Noticed Blork the orc
  3847 | D:4      | Slain by Blork the orc

Vanquished Creatures
  2 adders (D:3)
  A worm (D:3)
  2 dart slugs
  An orc (D:2)
  3 ball pythons
  6 bats
  6 endoplasms
  A giant cockroach (D:4)
  2 goblins (D:1)
  3 hobgoblins
  A quokka (D:2)
  5 frilled lizards
  3 kobolds
  4 rats
40 creatures vanquished.

Vanquished Creatures (collateral kills)
  An adder (D:2)
  2 ball pythons
  A bat (D:1)
  4 endoplasms
  A giant cockroach (D:2)
  2 goblins
  4 hobgoblins
  A jackal (D:2)
  A kobold (D:1)
  A quokka (D:2)
  A rat (D:2)
19 creatures vanquished.

Grand Total: 59 creatures vanquished

Table legend:
 A = Non-vault XP
 B = Vault XP
 C = Vault XP percentage of total XP
 D = Non-vault monster count
 E = Vault monster count
 F = Vault count percentage of total count
                 A         B        C        D         E       F
            +---------+---------+-------+---------+---------+-------
      Total |     129 |      12 |   8.5 |      52 |       7 |  11.9
            +---------+---------+-------+---------+---------+-------
        D:1 |      40 |       0 |   0.0 |      24 |       0 |   0.0
        D:2 |      30 |      12 |  28.6 |       9 |       7 |  43.8
        D:3 |      54 |       0 |   0.0 |      16 |       0 |   0.0
        D:4 |       5 |       0 |   0.0 |       3 |       0 |   0.0
            +---------+---------+-------+---------+---------+-------

Illustrated notes

Table legend:
 A = Kills in this place as a percentage of kills in entire the game.
 B = Kills by you in this place as a percentage of kills by you in the entire game.
 C = Kills by friends in this place as a percentage of kills by friends in the entire game.
 D = Other kills in this place as a percentage of other kills in the entire game.
 E = Experience gained in this place as a percentage of experience gained in the entire game.
 F = Experience gained in this place divided by the number of levels of this place that you have seen.
                   A       B       C       D       E      F
               +-------+-------+-------+-------+-------+----------------------
         Total | 100.0 | 100.0 | 100.0 |   N/A | 100.0 |  35.2
       Dungeon | 100.0 | 100.0 | 100.0 |   N/A | 100.0 |  35.2
               +-------+-------+-------+-------+-------+----------------------

Table legend: (Time is in decaauts)
 A = Elapsed time spent in this place.
 B = Non-inter-level travel time spent in this place.
 C = Inter-level travel time spent in this place.
 D = Time resting spent in this place.
 E = Time spent auto-exploring this place.
 F = Levels seen in this place.
 G = Mean time per level.
                   A        B        C        D        E       F      G
               +--------+--------+--------+--------+--------+-----+--------+
         Total |   4378 |   4177 |    201 |    501 |   2920 |   4 | 1094.5 |
       Dungeon |   4378 |   4177 |    201 |    501 |   2920 |   4 | 1094.5 |
               +--------+--------+--------+--------+--------+-----+--------+

Top non-repeatable levels by time:
     D:3: 1762 daAuts
     D:2: 1308 daAuts
     D:1: 1160 daAuts
     D:4: 147 daAuts
